[Event "*** Titled Tuesday Blitz"]
[Site "Chess.com"]
[Date "2020.11.24"]
[Round "1"]
[White "Zarikovs1999"]
[Black "seorobert1971"]
[Result "0-1"]
[WhiteElo "2371"]
[BlackElo "2703"]
[TimeControl "180+1"]
[EndTime "10:23:46 PST"]
[Termination "seorobert1971 won by checkmate"]

1. e4 e5 2. Nf3 Nc6 3. Bb5 a6 4. Ba4 Nf6 5. O-O Bc5 6. c3 b5 7.
Bb3 d6 8. d4 Bb6 9. Re1 O-O 10.
h3 h6 11. a4 Rb8 12. Na3 b4 13. Nc4 bxc3 14. bxc3 exd4 15. cxd4 Bxd4 16. Nxd4 Nxd4 17. Qxd4 Rxb3 18. Na5 c5 19. Qd2 Rb6 20. Nc4 Rc6 21.
Na5 Rc7 22. Bb2 Bb7 23. Nxb7 Rxb7 24. Rad1 Ne8 25. e5 Qb8 26. Ba3 Rb6 27. exd6 Rxd6 28. Qc3 Rxd1 29. Rxd1 Nf6 30. Qxc5 Rc8 31. Qd6 Qb3 32.
a5 Ne4 33. Qd7 Rc4 34. Be7 Qc2 35. Qe8+ Kh7 36. Rf1 Nd2 37. Re1 Re4 38. Rxe4 Nxe4 39. Qxf7 Qc1+ 40. Kh2 Qc7+ 41. g3 Qxa5 42. Qe6 Nxf2 43.
Kg2 Nd1 44. Qe4+ Kg8 45. Qc4+ Kh7 46. Qc2+ Kg8 47. Qxd1 Qa2+ 48. Kf3 Qf7+ 49. Kg2 Qxe7 50. Qd5+ Kh7 51. Qd3+ Kh8 52. Qxa6 Qe4+ 53. Kf2 Qc2+ 54. Kf3 Qd1+ 55. Kf4 Qd4+ 56. Kf5 Qf2+ 57. Kg4 Qd4+ 58.
Kf3 Qd1+ 59. Kf4 Qd2+ 60. Kf3 Qg5 61. Qc8+ Kh7 62. Qc2+ Kg8 63. h4 Qh5+ 64. Kf2 Qe5 65. Qc8+ Kf7 66. Qg4 Qb2+ 67. Kf3 Qb3+ 68. Kg2 Qd5+ 69.
Kh3 Qh1# 0-1

[Event "*** Titled Tuesday Blitz"]
[Site "Chess.com"]
[Date "2020.11.24"]
[Round "1"]
[White "biostatistician"]
[Black "malakismayil"]
[Result "1-0"]
[WhiteElo "2545"]
[BlackElo "2244"]
[TimeControl "180+1"]
[EndTime "10:23:46 PST"]
[Termination "biostatistician won by resignation"]

1. d4 Nf6 2. Nf3 e6 3. c4 Bb4+ 4. Nbd2 Qe7 5. a3 Bxd2+ 6. Bxd2 Ne4 7. Bf4 d6 8. e3 b6 9. Bd3 Bb7 10. Nd2 Nxd2 11. Qxd2 Nd7 12. O-O O-O 13. Bg3 e5 14. f3 f5 15. Rae1 e4 16. Bc2 Rae8 17. b4 Nf6 18.
Bh4 Qd7 19. Bxf6 Rxf6 20. f4 d5 21. Bb3 Kh8 22. Rc1 Rf7 23. Rc3 Ree7 24. Rfc1 Qd8 25.
R1c2 h6 26. Qc1 c6 27. cxd5 cxd5 28. Ba4 Ba6 29. b5 Bb7 30. Bb3 Qd6 31. a4 Qg6 32.
Qe1 Qd6 33. Qh4 Kh7 34. h3 Rc7 35. Kh2 Rxc3 36. Rxc3 Rc7 37. Rxc7 Qxc7 38. Qe1 Kg6 39. Qd2 Kh7 40. Qc2 Qd6 41. g4 fxg4 42. hxg4 Qd7 43. Kg3 Qd6 44. Qh2 Qd7 45. Qh5 Qe6 46. Qe5 Qf7 47. Qxe4+ Kh8 48. Qe5 Kh7 49. Bc2+ Kh8 50.
Qb8+ Qg8 51. Qxb7 Qe8 52. Qxd5 Qxe3+ 53. Qf3 Qg1+ 54. Kh3 Qxd4 55. Qe4 Qc3+ 56. Qd3 Qxd3+ 57. Bxd3 Kg8 58. Kg3 Kf7 59. f5 Ke7 60. Kf4 Kd6 61. g5 hxg5+ 62. Kxg5 Ke5 63. Kg6 Kd4 64. Bc2 Kc3 65.
Bd1 Kd2 66. Bh5 Kc2 67. Kxg7 Kb3 68. Bd1+ 1-0

[Event "*** Titled Tuesday Blitz"]
[Site "Chess.com"]
[Date "2020.11.24"]
[Round "1"]
[White "kleopl"]
[Black "tan275"]
[Result "1/2-1/2"]
[WhiteElo "2517"]
[BlackElo "2192"]
[TimeControl "180+1"]
[EndTime "10:23:47 PST"]
[Termination "Game drawn - insufficient material"]

1. c4 e6 2. Nc3 d5 3. d4 Nf6 4. cxd5 exd5 5. Bg5 Be7 6. e3 c6 7.
Bd3 Nbd7 8. Nf3 O-O 9. O-O Re8 10. Rb1 Nf8 11. Bxf6 Bxf6 12. b4 a6 13. a4 Ng6 14.
Qc2 Bg4 15. Nd2 Rc8 16. Rfc1 Nf8 17. Nf1 h5 18. Bf5 Bxf5 19. Qxf5 g6 20. Qf3 Ne6 21. b5 Ng5 22. Qd1 a5 23. bxc6 bxc6 24. Rb7 Ne6 25. Rcb1 c5 26. Qf3 Ng5 27. Qxd5 cxd4 28. Qxd8 Rexd8 29. Nb5 dxe3 30. Nxe3 Ne4 31. g3 Rd2 32. Rf1 Nc3 33.
Nxc3 Bxc3 34. Rc1 Rdd8 35. Rb5 Bb4 36. Rxc8 Rxc8 37. Nd5 Rc1+ 38. Kg2 Rc4 39. Ne3 Rc1 40. Nd5 Rc4 41. h4 Bd2 42. Nb6 Rb4 43. Rxb4 axb4 44.
Nc4 Bc3 45. a5 b3 46. a6 Bd4 47. Kf3 Kf8 48. Ke2 Ke7 49. f3 Kd7 50. Kd3 Ba7 51.
Kc3 Kc6 52. Ne5+ Kb5 53. Nxf7 Ka4 54. Kb2 Bd4+ 55. Kb1 Ka5 56. Ne5 Kxa6 57. Nxg6 Bf2 58. g4 hxg4 59. fxg4 Kb5 60. h5 Be3 61. Ne5 Kc5 62. Nf3 Kd5 63. g5 Ke6 64. Kb2 Kf5 65. h6 Kg6 66. Nh4+ Kh7 67. Nf3 Bxg5 68. Nxg5+ Kxh6 69. Kxb3 1/2-1/2

[Event "*** Titled Tuesday Blitz"]
[Site "Chess.com"]
[Date "2020.11.24"]
[Round "1"]
[White "Algeriano22"]
[Black "A-S-00"]
[Result "1-0"]
[WhiteElo "2615"]
[BlackElo "2318"]
[TimeControl "180+1"]
[EndTime "10:23:48 PST"]
[Termination "Algeriano22 won by resignation"]

1. e4 c5 2. Nf3 Nc6 3. Bb5 e6 4. O-O Nge7 5. c3 g6 6. d4 cxd4 7. cxd4 a6 8. Ba4 d5 9. exd5 exd5 10. Re1 b5 11. Bb3 Bg7 12. h3 O-O 13. Bg5 Be6 14.
Qd2 Qd7 15. Bh6 Nf5 16. Bxg7 Kxg7 17. Nc3 Rad8 18. Rad1 Qa7 19. Qf4 Na5 20. Qe5+ Kg8 21. Nxd5 Bxd5 22. Bxd5 Nc4 23. Bxc4 bxc4 24. d5 Qb6 25.
Rd2 Nd6 26. Qf6 Qa5 27. h4 h5 28. Re7 Nf5 29. d6 Qb6 30. Re5 Rxd6 31. Rxd6 Nxd6 32. Rd5 Nc8 33. Qf4 Qxb2 34. Qxc4 Qb1+ 35. Kh2 Nb6 36.
Qd3 Qxd3 37. Rxd3 Rc8 38. Ra3 Ra8 39. Ne5 Kg7 40. Nc6 Kf6 41. Rf3+ Ke6 42. Nd4+ Kd5 43. Nb3 Ra7 44. Kg3 Nc4 45. Rd3+ Ke6 46. Rd4 Ne5 47. Ra4 Kf6 48. Ra5 Nc6 49. Rc5 Ne7 50. a4 Nf5+ 51. Kh3 Rb7 52. Rc6+ Kg7 53. Nc5 Rb4 54. g3 Rc4 55. Ne6+ fxe6 56. Rxc4 Kf6 57. Rc6 a5 58. Ra6 Ke5 59. Rxa5+ Ke4 60. Kg2 Nd4 61.
Ra8 Kf5 62. a5 Nc6 63. a6 Ke5 64. Rg8 Kf6 65. Rc8 Na7 66. Rc7 Nb5 67. Rb7 Nd6 68.
Rb8 1-0

[Event "*** Titled Tuesday Blitz"]
[Site "Chess.com"]
[Date "2020.11.24"]
[Round "1"]
[White "swimmerchess"]
[Black "andrzej"]
[Result "1-0"]
[WhiteElo "2778"]
[BlackElo "2402"]
[TimeControl "180+1"]
[EndTime "10:23:50 PST"]
[Termination "swimmerchess won by checkmate"]

1. e4 c5 2. Nf3 e6 3. c3 d5 4. exd5 Qxd5 5. Na3 Nf6 6. d4 Nc6 7. Bc4 Qd8 8. O-O cxd4 9. cxd4 Bxa3 10. bxa3 O-O 11. Rb1 b6 12. Bg5 Bb7 13. Re1 Rc8 14. Bd3 Ne7 15. Bxf6 gxf6 16. Nh4 Ng6 17. Qh5 Qd5 18.
Qg4 Qg5 19. Qxg5 fxg5 20. Nxg6 hxg6 21. Rb5 Rfd8 22. Rxg5 Rxd4 23. Rg3 Rcd8 24. Bc2 Rd2 25. Rc3 Rc8 26. Rxc8+ Bxc8 27. Bb3 Bb7 28. f3 Kg7 29.
Rd1 Rxd1+ 30. Bxd1 Kf6 31. Kf2 Ke5 32. Ke3 g5 33. g3 f5 34. f4+ gxf4+ 35. gxf4+ Kf6 36. Kd4 Bd5 37. Bb3 Bf3 38. a4 Be2 39. h3 Bf1 40. h4 Be2 41. Ke3 Bg4 42. Kd4 Bf3 43. Bc4 Bg4 44. Bd3 Bf3 45. Ke3 Bg4 46. Be2 Bh3 47.
Kd4 Bg2 48. h5 Bc6 49. Bd1 Be8 50. a5 bxa5 51. Kc5 Bd7 52. Kd6 Be8 53. h6 Bf7 54. Bb3 Kg6 55. Bxe6 Bxe6 56. Kxe6 Kxh6 57. Kxf5 Kg7 58.
Ke6 Kf8 59. Kf6 Ke8 60. Kg7 Ke7 61. f5 Kd6 62. f6 Kc6 63. f7 Kb5 64. f8=Q Ka4 65.
Qf5 a6 66. Kf6 Ka3 67. Qxa5+ Kb2 68. Qxa6 Ka1 69. a4 Ka2 70. Qb5 Ka3 71. a5 Ka2 72. a6 Ka3 73. a7 Ka2 74. a8=Q# 1-0

[Event "*** Titled Tuesday Blitz"]
[Site "Chess.com"]
[Date "2020.11.24"]
[Round "1"]
[White "boasovietica"]
[Black "rpragchess"]
[Result "0-1"]
[WhiteElo "2440"]
[BlackElo "2895"]
[TimeControl "180+1"]
[EndTime "10:23:52 PST"]
[Termination "rpragchess won on time"]

1. e4 e5 2. Nf3 d6 3. d4 exd4 4. Nxd4 Nf6 5. Nc3 Be7 6. Bd3 O-O 7. O-O Re8 8. Re1 Nbd7 9. h3 Bf8 10. Bg5 h6 11.
Bh4 g6 12. Qf3 c6 13. Rad1 Bg7 14. Nb3 Qc7 15. Bg3 Ne5 16. Qe2 a5 17. a4 Qb6 18.
Qd2 Be6 19. Bf1 Rad8 20. Nd4 Bc8 21. f4 Ned7 22. Bf2 Qc7 23. Nb3 b6 24. g3 Nf8 25.
Bg2 Bb7 26. Re2 Ne6 27. Qe1 h5 28. Be3 Ba6 29. Red2 Bc4 30. Qf2 Nc5 31. Nxc5 bxc5 32. e5 dxe5 33. Rxd8 Rxd8 34. Rxd8+ Qxd8 35. fxe5 Nd5 36. Nxd5 Bxd5 37. Bxd5 Qxd5 38. Qd2 Qxe5 39. Bf4 Qd4+ 40.
Qxd4 Bxd4+ 41. Kf1 c4 42. Bd2 Bb6 43. Bc3 Kf8 44. Ke2 Ke7 45. Kf3 Ke6 46. Ke4 f5+ 47. Kf3 Bc7 48. g4 fxg4+ 49. hxg4 Kd5 50. gxh5 gxh5 51.
Bf6 Ke6 52. Bc3 Kf5 53. Bg7 Be5 54. Bf8 Bxb2 55. Bc5 Bc3 56. Bb6 Bb4 57. Bd4 Be1 58. Bb6 h4 59. Ke2 Bb4 60. Kf3 Kg5 61. Be3+ Kh5 62.
Bb6 Be1 63. Ke2 h3 64. Bc7 Bb4 65. Kf3 Be1 66. Ke2 Bb4 67. Kf3 Kh4 0-1

[Event "*** Titled Tuesday Blitz"]
[Site "Chess.com"]
[Date "2020.11.24"]
[Round "1"]
[White "MarcoRiehle"]
[Black "Godzillator"]
[Result "1/2-1/2"]
[WhiteElo "2706"]
[BlackElo "2382"]
[TimeControl "180+1"]
[EndTime "10:23:57 PST"]
[Termination "Game drawn by repetition"]

1. e4 c6 2. c4 d5 3. exd5 cxd5 4.
cxd5 Nf6 5. Nc3 Nxd5 6. Nf3 e6 7. d4 Bb4 8. Bd2 Nc6 9. Bd3 O-O 10. O-O Be7 11. Re1 Ncb4 12. Bb1 b6 13. a3 Nxc3 14.
bxc3 Nd5 15. Be4 Rb8 16. Ne5 Bb7 17. Qf3 Bf6 18. Rad1 b5 19. Bc1 Qc7 20. Ng4 Be7 21. Qh3 f5 22. Bxd5 Bxd5 23. Ne5 Bf6 24. Bf4 Qb7 25. Nd3 Rbc8 26. Nb4 Bc4 27. Be5 a5 28.
Nc2 Bb3 29. Rd2 Bxc2 30. Rxc2 Qd5 31. Bxf6 Rxf6 32. Qd3 Rc4 33. Re5 Qc6 34. h3 Rf8 35.
d5 exd5 36. Rxd5 b4 37. axb4 axb4 38. Rxf5 Rxc3 39. Rxf8+ Kxf8 40. Qf5+ Kg8 41. Re2 Rc1+ 42. Kh2 Qc7+ 43. g3 Qc6 44. f3 h6 45. h4 b3 46. Kh3 Rc2 47. Re3 b2 48. Rb3 Qc7 49.
h5 Rc5 50. Qe6+ Kh8 51. Qe8+ Kh7 52. Rxb2 Rg5 53. Qe4+ Kg8 54. Qe8+ Kh7 55. f4 Rc5 56. Re2 Qc8+ 57. Qxc8 Rxc8 58. Re7 Rc5 59. Kg4 Kg8 60. f5 Kf8 61. Ra7 Rc4+ 62. Kf3 Rb4 63. g4 Rc4 64. Rd7 Rb4 65. f6 gxf6 66. Rh7 Ra4 67. Kg3 Rb4 68. Kh3 Ra4 69. Rxh6 Kg7 70. Rg6+ Kf7 71. Kg3 Rb4 72. Kh4 Rc4 73. Kg3 Rb4 74. Rh6 Kg7 75. Rg6+ Kf7 1/2-1/2

[Event "*** Titled Tuesday Blitz"]
[Site "Chess.com"]
[Date "2020.11.24"]
[Round "1"]
[White "goldenpuppy"]
[Black "Fy_Rakotomaharo"]
[Result "1/2-1/2"]
[WhiteElo "2385"]
[BlackElo "2711"]
[TimeControl "180+1"]
[EndTime "10:24:00 PST"]
[Termination "Game drawn - insufficient material"]

1. e4 c5 2. Nf3 Nc6 3. d4 cxd4 4. Nxd4 e5 5. Nb5 d6 6. c4 Be7 7. N1c3 a6 8. Na3 Be6 9. Nc2 Rc8 10. Ne3 Nf6 11. Be2 Nd4 12. O-O O-O 13. Ned5 Nxd5 14. Nxd5 Bg5 15. Bxg5 Qxg5 16. Bd3 Bxd5 17. cxd5 Rc7 18.
Kh1 Rfc8 19. g3 h5 20. f4 Qg4 21. fxe5 dxe5 22. Qxg4 hxg4 23. Rad1 g6 24. Kg2 Kg7 25.
h3 gxh3+ 26. Kxh3 a5 27. Rf2 Rc1 28. Rxc1 Rxc1 29. d6 Rc6 30. d7 Rd6 31. Bc4 Rxd7 32. Bd5 f5 33. Rd2 Kf6 34. Rd3 b5 35. Rc3 Rh7+ 36.
Kg2 f4 37. gxf4 exf4 38. Rc8 g5 39. Rf8+ Ke7 40. Rg8 Kf6 41. Rf8+ Ke5 42. Re8+ Kd6 43. Rg8 Rh5 44. Bf7 f3+ 45. Kg3 Rh7 46. Bd5 Rh1 47. Kf2 Rh2+ 48. Ke3 f2 49. Rf8 Nc2+ 50. Ke2 Ke5 51.
Rf5+ Kd4 52. Rxf2 Rxf2+ 53. Kxf2 Ne3 54. Bc6 b4 55. Kg3 Nd1 56. b3 Nc3 57. Kg4 Nxa2 58. Kxg5 Ke5 59. Kg4 Nc1 60. Bd5 Nd3 61. Kf3 Nc5 62.
Ke3 Nd7 63. Kd3 Nb6 64. Bc6 Kd6 65. Bb5 Kc5 66. Be8 Nc8 67. Bf7 Nd6 68. Be6 Nb5 69.
e5 Nc3 70. Bc4 Na2 71. e6 Kd6 72. Kd4 Nc3 73. Kd3 Nd1 74. Ke2 Nb2 75. Bd5 a4 76.
bxa4 Nxa4 77. Bb3 Nc5 78. Bc4 Ne4 79. Kd3 Nc5+ 80. Kc2 Ke7 81. Kb2 Kd6 82. Bb3 Nd3+ 83. Kc2 Ne5 84. Kb2 Ke7 85. Kc2 Nc6 86. Kb2 Nd4 87. Ka2 Nxe6 88. Bxe6 Kxe6 89. Kb3 Kd5 90. Kxb4 1/2-1/2

[Event "*** Titled Tuesday Blitz"]
[Site "Chess.com"]
[Date "2020.11.24"]
[Round "1"]
[White "Bacyanide"]
[Black "sjam6687"]
[Result "1/2-1/2"]
[WhiteElo "2418"]
[BlackElo "2789"]
[TimeControl "180+1"]
[EndTime "10:24:02 PST"]
[Termination "Game drawn - insufficient material"]

1. d4 d5 2. Nf3 Nf6 3. c4 e6 4. Nc3 Be7 5. Bg5 O-O 6. e3 Nbd7 7. Qc2 c5 8. cxd5 cxd4 9. Nxd4 Nxd5 10. Bxe7 Nxe7 11. Bd3 Nf6 12. O-O b6 13. Ne4 Nfd5 14.
a3 h6 15. Rfd1 Bb7 16. Rac1 Rc8 17. Qe2 Nf5 18. Nxf5 exf5 19. Ng3 f4 20. Nf5 Qf6 21. e4 Rxc1 22. Rxc1 Re8 23. Qg4 Ne7 24. Qxf4 Nxf5 25.
Qxf5 Qxb2 26. Rc7 Qa1+ 27. Bf1 Ba6 28. Qxf7+ Kh7 29. h4 Qxf1+ 30. Kh2 Rg8 31. h5 Bd3 32. Qg6+ Kh8 33. Rxg7 Rxg7 34. Qxh6+ Kg8 35. Qe6+ Kf8 36. Qc8+ Ke7 37. Qc7+ Ke6 38. Qc6+ Ke5 39. Qd5+ Kf6 40. Qd6+ Kg5 41. Qe5+ Kh6 42. Qf6+ Kxh5 43. Qxg7 Qxf2 44. Qh7+ Kg5 45. Qg7+ Kf4 46. Qf7+ Ke3 47. Qxa7 Kxe4 48.
Qb7+ Ke5 49. Qc7+ Kd5 50. Qb7+ Kc4 51. Qc7+ Kd4 52. Qd6+ Kc3 53. Qb4+ Kc2 54. Qa4+ Kb2 55. Qb4+ Ka2 56. a4 Qf5 57. Qxb6 Qf4+ 58. Kg1 Qxa4 59. Qf2+ Kb1 60. Qg3 Qd4+ 61. Kh2 Kb2 62. Qh3 Be2 63. Qg3 Bc4 64. Qh3 Be2 65. Qg3 Bc4 66. Qh3 Bd5 67. Qg3 Qe4 68. Qh3 Kc2 69. Qg3 Kd2 70. Qf2+ Kc3 71.
Qf3+ Kd4 72. Qxe4+ Bxe4 73. g3 Bg6 74. Kh3 Bd3 75. Kh4 Ke5 76. Kg5 Bc2 77. Kh6 Bb1 78. g4 Bc2 79. g5 Bb1 80. g6 Bxg6 1/2-1/2

[Event "*** Titled Tuesday Blitz"]
[Site "Chess.com"]
[Date "2020.11.24"]
[Round "1"]
[White "KetiTsatsalashvili"]
[Black "GelmanAlexander"]
[Result "1-0"]
[WhiteElo "2301"]
[BlackElo "2561"]
[TimeControl "180+1"]
[EndTime "10:24:04 PST"]
[Termination "KetiTsatsalashvili won by resignation"]

1. Nf3 c5 2. g3 Nf6 3. Bg2 e6 4. O-O Be7 5. d4 cxd4 6. Nxd4 a6 7. c4 d6 8. Nc3 O-O 9. b3 Bd7 10. Bb2 Nc6 11. Ne4 Ne8 12. Qc2 Rc8 13. Rad1 Qc7 14. Qb1 Ne5 15. h3 b5 16. f4 Nc6 17. cxb5 Nxd4 18.
Bxd4 Bxb5 19. Ng5 Bxg5 20. fxg5 Bxe2 21. Rc1 Qd8 22. Rxc8 Qxc8 23. Rc1 Qd8 24. h4 e5 25. Bb2 f6 26. Qc2 Bh5 27. Qc8 Qb6+ 28. Kh2 fxg5 29.
Qc4+ Bf7 30. Qd3 gxh4 31. gxh4 Qf2 32. Rf1 Qxh4+ 33. Kg1 a5 34. Bd5 Qg4+ 35. Kh2 Nf6 36. Bf3 Qh4+ 37. Kg2 e4 38. Bxf6 exf3+ 39. Rxf3 gxf6 40.
Rh3 Qg5+ 41. Rg3 Bg6 42. Rxg5 fxg5 43. Qd5+ Kg7 44. Qxg5 Rf5 45. Qe7+ Kh6 46. Qxd6 Kg5 47. Qd2+ Rf4 48. Qxa5+ Bf5 49. Qd8+ Kg4 50. Qd1+ Kg5 51. Qd2 h5 52. b4 Be4+ 53. Kh2 h4 54. b5 Kg4 55.
Qe2+ Bf3 56. Qe6+ Kg5 57. b6 Re4 58. Qg8+ Kf4 59. Qf7+ Ke3 60. b7 Rg4 61. Qe7+ Kf2 62. Qc5+ Kf1 63. Qc1+ Kf2 64. Qd2+ Kf1 65. Qd3+ Kf2 66.
Qxf3+ Kxf3 67. b8=Q Re4 68. Qb7 Ke3 69. a3 Rf4 70. Kh3 Re4 71. Qb6+ Kf3 72. Qf6+ Rf4 73. Qc3+ Kf2 74. Qc2+ Ke3 75. a4 Rd4 76. a5 Rd2 77.
Qc3+ Rd3 78. Qe5+ Kd2+ 79. Kxh4 Ra3 80. Qd6+ Rd3 81. Qxd3+ 1-0

[Event "*** Titled Tuesday Blitz"]
[Site "Chess.com"]
[Date "2020.11.24"]
[Round "1"]
[White "ErikRonka"]
[Black "jacky72"]
[Result "1/2-1/2"]
[WhiteElo "2388"]
[BlackElo "2717"]
[TimeControl "180+1"]
[EndTime "10:24:08 PST"]
[Termination "Game drawn by repetition"]

1. e4 e5 2. Nf3 Nc6 3. Bb5 a6 4. Ba4 d6 5. O-O Bd7 6. c3 g6 7. d4 Bg7 8. Bg5 f6 9. Be3 Nh6 10. Bb3 Nf7 11. Nbd2 O-O 12. a4 Kh8 13. dxe5 Nfxe5 14. Nxe5 fxe5 15. Re1 Qh4 16. Nf1 Bh6 17. Qd2 Bxe3 18.
Rxe3 Rf6 19. Bd5 Raf8 20. Re2 Bg4 21. f3 Be6 22. Bxe6 Rxe6 23. Ne3 Ne7 24. Nd5 Rc8 25. b4 b6 26. a5 b5 27. c4 bxc4 28. Rc1 c6 29. Nb6 Rd8 30. Rxc4 Qf6 31. Rc1 d5 32. Qd3 Qg5 33. Rd1 Rf8 34. Rf1 Ref6 35. Ref2 dxe4 36. Qxe4 Rf4 37. Qd3 Rxb4 38. Qd6 Rd4 39. Qe6 Qf6 40. Qb3 Nd5 41. Nd7 Qe7 42. Nxf8 Qxf8 43. Qb7 Nb4 44. Rb1 Nd3 45. Rd2 Qc5 46. Kh1 Rb4 47.
Qc8+ Kg7 48. Rf1 Rd4 49. Qc7+ Kh6 50. Re2 Rh4 51. Qb6 Qd6 52. Qe3+ Kg7 53. Rd2 e4 54. g3 Qxg3 55. Qxe4 Nf4 56. Rdf2 Kh6 57. Qe7 Qh3 58. Qe3 g5 59. Qc1 Kh5 60. Qc5 Nd3 61.
Qc2 Nxf2+ 62. Qxf2 Rf4 63. Rg1 Rxf3 64. Qe2 g4 65.
Qe5+ Kh4 66. Qe7+ Kh5 67. Qe5+ Kg6 68. Qe6+ Kg5 69. Qe5+ Rf5 70. Qg7+ Kf4 71. Qd4+ Kf3 72. Qd3+ Kf4 73. Qd4+ Kg5 74. Qg7+ Kh5 75. Qxh7+ Kg5 76. Qg7+ Kf4 77. Qd4+ Kg5 78. Qg7+ Kf4 79. Qd4+ Kg5 80. Qg7+ 1/2-1/2

[Event "*** Titled Tuesday Blitz"]
[Site "Chess.com"]
[Date "2020.11.24"]
[Round "1"]
[White "dopolian"]
[Black "petrpalachev"]
[Result "1-0"]
[WhiteElo "2400"]
[BlackElo "2714"]
[TimeControl "180+1"]
[EndTime "10:24:18 PST"]
[Termination "dopolian won on time"]

1. Nf3 Nf6 2. c4 g6 3. Nc3 Bg7 4. g3 O-O 5. Bg2 d6 6. O-O e5 7.
d4 Nbd7 8. Bg5 h6 9. dxe5 dxe5 10. Bxf6 Bxf6 11. Qd2 Bg7 12. Rad1 c6 13. Ne4 Qc7 14. Nd6 Nc5 15. b4 Ne6 16. c5 a5 17. a3 axb4 18. axb4 Rd8 19. Qe3 f6 20. Nh4 Nf8 21. b5 cxb5 22. Nxb5 Qe7 23. Rd6 g5 24. Nf3 Bf5 25. Rfd1 Ne6 26. h4 Rxd6 27. Nxd6 Bc2 28. Rc1 Bg6 29. Nd2 Rb8 30. hxg5 hxg5 31. Bd5 Kh7 32. N2c4 Nd4 33. Be4 f5 34. Bd3 e4 35.
Bb1 Rf8 36. Rd1 Nc6 37. Nb6 Bh6 38. Nd5 Qg7 39. Qc3 f4 40. Qxg7+ Kxg7 41. gxf4 gxf4 42. Bxe4 Bxe4 43. Nxe4 f3 44. exf3 Rxf3 45. Nd6 Ne5 46.
Nxb7 Rb3 47. Nd6 Nd3 48. Nf5+ Kg6 49. Nxh6 Kxh6 50. c6 Nf4 51. Nxf4 Rc3 52. c7 Rxc7 53. Rd6+ Kh7 54. Nh3 Rc1+ 55. Kg2 Rc3 56. Rd4 Rc7 57. Rg4 Kh6 58. Kg3 Kh7 59. f4 Rd7 60. Kh4 Re7 61. Ng5+ Kh6 62. Nf3 Re1 63. Ne5 Rh1+ 64. Kg3 Rg1+ 65.
Kf3 Ra1 66. Ke4 Ra4+ 67. Kf5 Ra8 68. Rh4+ Kg7 69. Kg5 Ra1 70. f5 Rg1+ 71. Rg4 Rh1 72. f6+ Kf8 73. f7 Kg7 74. Kf5+ Kh7 75. Ke6 Rf1 76.
Ke7 Rf5 77. f8=Q Rxe5+ 78. Kd6 Rd5+ 79. Ke6 Re5+ 80. Kd6 Rd5+ 81. Kc6 Rd6+ 82. Qxd6 1-0

[Event "*** Titled Tuesday Blitz"]
[Site "Chess.com"]
[Date "2020.11.24"]
[Round "1"]
[White "StockholmMissile"]
[Black "Legendinunknown"]
[Result "1/2-1/2"]
[WhiteElo "2374"]
[BlackElo "2679"]
[TimeControl "180+1"]
[EndTime "10:24:24 PST"]
[Termination "Game drawn by stalemate"]

1. d4 Nf6 2. c4 e6 3. Nf3 Bb4+ 4. Bd2 a5 5. g3 d5 6. Bg2 dxc4 7. O-O O-O 8. Nc3 Nc6 9. Bg5 Be7 10. e3 h6 11. Bxf6 Bxf6 12. Nd2 e5 13. d5 Ne7 14.
Nxc4 Nf5 15. Ne4 Nd6 16. Ncxd6 cxd6 17. Nxf6+ Qxf6 18. Rc1 Qg6 19. Rc7 b6 20. Qc2 Qxc2 21. Rxc2 Ba6 22. Rfc1 Rfc8 23. Bh3 Rc5 24. Rxc5 bxc5 25.
Bf1 Kf8 26. Bxa6 Rxa6 27. Rc2 f5 28. f3 Rb6 29. b3 Ke7 30. Kf2 Rb4 31. Rc4 g5 32. e4 fxe4 33. fxe4 Rb8 34. Ke3 g4 35. Ke2 Kd7 36. Rc1 a4 37. Rc3 Kc7 38. Kd3 axb3 39.
axb3 Ra8 40. Rc2 Kb6 41. Rf2 Kb5 42. Rf6 Ra3 43. Kc3 c4 44. Rxd6 Rxb3+ 45. Kc2 Re3 46. Rxh6 Rxe4 47. d6 Kc6 48. Kc3 Kd7 49. Rg6 Rd4 50.
Kb4 Re4 51. Kc3 Kc6 52. Rh6 Rd4 53. Rg6 Kc5 54. Rh6 Rd3+ 55. Kc2 Rxd6 56. Rh5 Kd4 57. Rg5 e4 58. Rxg4 Ke3 59. Kc3 Rc6 60. h4 Rc7 61. h5 Rh7 62. Rg5 Kf3 63. Kxc4 e3 64. Rf5+ Ke4 65. Rf4+ Ke5 66. Kd3 Rxh5 67. Kxe3 Rg5 68. Kf3 Rf5 69. Rxf5+ Kxf5 70. g4+ Kg5 71. Kg3 Kg6 72. Kf4 Kf6 73. g5+ Kg6 74. Kg4 Kg7 75.
Kf5 Kf7 76. Ke5 Kg6 77. Kf4 Kg7 78. Kf3 Kg6 79. Kg4 Kg7 80. Kf5 Kf7 81. g6+ Kg7 82.
Kg5 Kg8 83. Kf6 Kf8 84. g7+ Kg8 85. Kg6 1/2-1/2

[Event "*** Titled Tuesday Blitz"]
[Site "Chess.com"]
[Date "2020.11.24"]
[Round "1"]
[White "MattyDPerrine"]
[Black "MomchilPetkov"]
[Result "0-1"]
[WhiteElo "2368"]
[BlackElo "2698"]
[TimeControl "180+1"]
[EndTime "10:24:25 PST"]
[Termination "MomchilPetkov won by resignation"]

1. e4 g6 2. d4 Bg7 3. Nc3 c6 4. h3 d5 5. Nf3 dxe4 6. Nxe4 Nf6 7. Bd3 O-O 8. O-O Nbd7 9. Nxf6+ exf6 10. Be3 Nb6 11.
c4 Be6 12. Qc2 Qc7 13. Rad1 Rad8 14. Rfe1 Rfe8 15. Qc1 Qc8 16. Qc2 Bf8 17. Rb1 Na8 18. b4 Nc7 19. a4 a6 20. a5 Bd6 21. Nh2 Bxh2+ 22. Kxh2 Bf5 23. Rbd1 Bxd3 24. Qxd3 Rd7 25. Qe2 Rde7 26. Qf3 Qf5 27. Qxf5 gxf5 28. d5 cxd5 29.
cxd5 Nb5 30. Bd2 Rxe1 31. Bxe1 Kf8 32. f3 Rd8 33. Bg3 Ke7 34. Re1+ Kd7 35. d6 Nxd6 36.
Bxd6 Kxd6 37. Rd1+ Kc7 38. Rc1+ Kd7 39. Rd1+ Ke7 40.
Re1+ Kf8 41. Rc1 Rd4 42. Rc7 Rxb4 43. Kg3 h5 44. h4 Kg7 45. Rd7 f4+ 46. Kh3 Rb5 47. Rc7 Kg6 48. Rd7 Kg7 49. Rc7 Kf8 50.
Rd7 Ke8 51. Rc7 Rb1 52. Kh2 Rb2 53. Kh1 Rb5 54. Kh2 b6 55. axb6 Rxb6 56. Ra7 Re6 57. Kg1 Kf8 58. Kf2 Kg7 59. Rb7 Kg6 60. Ra7 Rc6 61. Rb7 Rc2+ 62. Kg1 Ra2 63. Ra7 a5 64. Ra6 a4 65. Ra5 a3 66. Kh2 Ra1 67. Ra4 a2 68. Ra5 Kg7 69. Ra4 Kh7 70. Ra5 Kg6 71. Ra4 Kf5 72.
Ra5+ Ke6 73. Ra4 Kd5 74. Ra5+ Kc4 75. Ra8 Kb3 76. Rb8+ Kc3 77. Rc8+ Kd3 78. Ra8 Ke2 79.
Ra4 Kf2 80. Ra7 Kf1 81. Ra6 f5 82. Ra5 Re1 83. Rxa2 Re2 84. Rxe2 Kxe2 85. Kh3 Kf1 86. Kh2 Kf2 87. Kh3 Kg1 88. g3 Kf2 89. gxf4 Kxf3 0-1

[Event "*** Titled Tuesday Blitz"]
[Site "Chess.com"]
[Date "2020.11.24"]
[Round "1"]
[White "banane_verte"]
[Black "ArjunErigaisi2003"]
[Result "1/2-1/2"]
[WhiteElo "2464"]
[BlackElo "2939"]
[TimeControl "180+1"]
[EndTime "10:24:57 PST"]
[Termination "Game drawn by agreement"]

1. e4 c5 2. Nc3 e6 3. g3 d5 4. exd5 exd5 5. d4 Nf6 6. Bg5 Qe7+ 7. Qe2 cxd4 8. Qxe7+ Bxe7 9. Bxf6 dxc3 10. Bxc3 O-O 11. O-O-O Be6 12. Bg2 Rd8 13. Ne2 Nc6 14. Kb1 Bg4 15. Rd2 Bc5 16. Nd4 Bb6 17. h3 Bh5 18. Re1 Re8 19. Rxe8+ Rxe8 20. b3 Bg6 21. Bxd5 Bxd4 22.
Bxd4 Nb4 23. Bc4 a6 24. Bd3 Nxd3 25. cxd3 Rd8 26. Be3 Bxd3+ 27. Kb2 Rd7 28. Kc3 Bf5 29. Rxd7 Bxd7 30. Kd4 Bxh3 31. Kc5 Bg2 32. Kd6 f6 33.
Ke7 h5 34. a4 Bd5 35. b4 Kh7 36. a5 Kg6 37. Kd6 Bg2 38. Kc5 Kf5 39. Kd4 g5 40. f4 gxf4 41. Bxf4 h4 42. Ke3 h3 43. Kf2 Kg4 44.
Kg1 Bc6 45. Kh2 Bd7 46. Bb8 Kf3 47. Bf4 Bg4 48. Bb8 Ke4 49. Bf4 Kd5 50. Bb8 Kc6 51. Bf4 Kb5 52. Bd6 f5 53. Be7 Kc6 54. Bf8 Kd5 55.
Bc5 Ke6 56. Ba7 Ke5 57. Bb8+ Kd5 58. Bf4 Kc6 59. Be5 Kb5 60. Bd6 b6 61. axb6 Kxb6 62. Bc5+ Kc6 63. Bf8 Kd7 64. Bc5 Kc7 65. Bf8 Kc6 66.
Be7 Kb5 67. Bf8 Kc4 68. Be7 Kd5 69. Bf8 Ke5 70. Be7 f4 71. gxf4+ Kxf4 72. Bd6+ Kf3 73. Be7 Bd7 74. Bd6 Ke4 75. Be7 Kd5 76. Bf8 Kc6 77. Be7 Kb5 78. Bf8 Kc4 79. Be7 Kb3 80. Bf8 Kc3 81. Be7 Kd4 82. Bf8 Ke5 83. Bc5 Ke4 84.
Bf8 Kd5 85. Be7 Bc8 86. Bf8 Bf5 87. Be7 Ke6 88. Bf8 Kd7 89. Bc5 Kc6 90. Bf8 Bc8 91. Be7 Kb5 92. Bf8 Kc4 93. Be7 Kd5 94. Bf8 Ke6 95. Bc5 Kf7 96. Bb6 Ke8 97. Ba5 Be6 98.
Kg1 Kd7 99. Kh2 Kc6 100. Kg1 Kd5 101. Kh2 Ke4 102. Kg1 Kf3 103. Kh2 Bd7 104. Bb6 Ke4 105. Ba5 Kd5 106. Kg1 Kc4 107. Kh2 Kb5 108. Kg1 1/2-1/2